 Dungeon Crawl Stone Soup version 0.18.1-47-g9310371 (webtiles) character file.

2880 stigmas the Grave Robber (level 9, -4/69 HPs)
             Began as a Demonspawn Necromancer on June 16, 2016.
             Was a Follower of Makhleb.
             Slain by a yak (15 damage)
             ... on level 8 of the Dungeon.
             The game lasted 00:15:08 (7878 turns).

stigmas the Grave Robber (Demonspawn Necromancer)   Turns: 7878, Time: 00:15:09

Health: -4/69      AC:  7    Str: 11    XL:     9   Next: 48%
Magic:  1/16       EV: 16    Int: 18    God:    Makhleb [*.....]
Gold:   471        SH:  0    Dex: 15    Spells: 3 memorised, 11 levels left

rFire  + + .     SeeInvis .     x - +2 hand axe (drain)
rCold  + + .     Gourm    .     u - +2 robe {rC+ rF+}
rNeg   . . .     Faith    .     (no shield)
rPois  .         Spirit   .     (no helmet)
rElec  .         Dismiss  .     f - +0 cloak
rCorr  .         Reflect  .     (no gloves)
SustAt .         Harm     .     (no boots)
MR     .....                    (no amulet)
Stlth  ++........               n - ring of protection from fire
                                E - +2 ring of intelligence

@: regenerating, not resistant to hostile enchantments, unstealthy
A: hooves 2, yellow scales 1, cold resistance 1, spiny 2, freezing cloud
immunity
a: Renounce Religion


You were on level 8 of the Dungeon.
You worshipped Makhleb.
Makhleb was aware of your devotion.
You were hungry.

You visited 2 branches of the dungeon, and saw 9 of its levels.

You collected 471 gold pieces.

Inventory:

Hand Weapons
 o - a +2 dagger of venom
 p - a +0 vampiric dagger
 x - a +2 hand axe of draining (weapon)
 y - a +0 war axe
Armour
 a - a +0 robe
 f - a +0 cloak (worn)
 u - a +2 robe of resistance (worn)
Jewellery
 n - a ring of protection from fire (right hand)
 w - an uncursed ring of teleportation
 E - a +2 ring of intelligence (left hand)
 F - an uncursed ring of protection from cold
Wands
 A - a wand of teleportation (9/9)
 B - a wand of slowing (29/48)
 I - a wand of lightning (11/15)
Scrolls
 d - 4 scrolls of identify
 C - a scroll of remove curse
 G - a scroll of amnesia {unknown}
Potions
 e - 2 potions of brilliance
 g - 2 potions of degeneration {unknown}
 h - 4 potions of agility
 i - 4 potions of might
 j - 2 potions of flight
 k - a potion of invisibility
 m - a potion of heal wounds
 q - 2 potions of curing
 s - a potion of haste {unknown}
 t - a potion of lignification
 z - a potion of magic
Books
 b - a book of Necromancy

   Spells                             Type                      Level
   a - Pain                           Necromancy                   1
   b - Animate Skeleton               Necromancy                   1
   c - Vampiric Draining              Necromancy                   3
   d - Regeneration                   Charms/Necromancy            3
   e - Animate Dead                   Necromancy                   4
   f - Control Undead                 Necromancy                   4
 D - a book of Debilitation

   Spells                             Type                      Level
   a - Corona                         Hexes                        1
   b - Slow                           Hexes                        2
   c - Gell's Gravitas                Hexes/Translocation          3
   d - Inner Flame                    Hexes/Fire                   3
   e - Cause Fear                     Hexes                        4
   f - Leda's Liquefaction            Hexes/Earth                  4
Comestibles
 c - 11 bread rations
 l - a slice of pizza
 r - a meat ration
 v - a beef jerky
 H - a chunk of flesh


   Skills:
 * Level 6.1 Fighting
 * Level 4.9 Axes
 + Level 6.3 Dodging
 - Level 1.7 Stealth
 * Level 5.1 Spellcasting
 * Level 7.4 Necromancy


You had 11 spell levels left.
You knew the following spells:

 Your Spells              Type           Power        Failure   Level  Hunger
a - Pain                  Necr           ####         1%          1    None
b - Regeneration          Chrm/Necr      ###.......   10%         3    ##.....
c - Vampiric Draining     Necr           ####......   1%          3    ##.....


Dungeon Overview and Level Annotations

Branches:
Dungeon (8/15)             Temple (1/1) D:6
   Lair: D:8-11

Altars:
Ashenzari
Cheibriados
Dithmenos
Elyvilon
Gozag
Kikubaaqudgha
Makhleb
Nemelex Xobeh
Pakellas
Qazlal
Ru
Trog
Xom
Yredelemnul
The Shining One


Innate Abilities, Weirdness & Mutations

You have hoof-like feet.
You are partially covered in yellow scales (AC +2).
Your flesh is cold resistant.
You are mostly covered in sharp spines.
You are immune to freezing clouds.


Message History

Unknown command.
Casting: Regeneration
Confirm with . or Enter, or press ? or * to list all spells.
Aiming: Vampiric Draining
Press: ? - help, Shift-Dir - straight line, f - yak
Aim: a yak (lightly wounded)
The yak is moderately wounded.
You feel life coursing into your body.
You are feeling hungry.
The crocodile seems less drained.
The basilisk hisses menacingly.
The yak is struck by your spines. The yak closely misses you.
Casting: Vampiric Draining
Confirm with . or Enter, or press ? or * to list all spells.
Aiming: Vampiric Draining
Press: ? - help, Shift-Dir - straight line, f/p - yak
Aim: a yak (moderately wounded)
The yak is heavily wounded.
You feel life coursing into your body. The yak gores you!
You die... ###.....###.# #...........# #...........#### ♣ #..............# .. ######'####....# ... #..# #....# .... ##.###....# Yr... #..##....####ttr♣.P ##### ##.##.....@Ytrltr.. ....# #.##.######YtrY... ....# #..#.# trYr...

....# ##.#.#
.rl....
....#####.#.#
#Y...P.
............#
......
............#
#..P..
............#
####.
............#


You could see 4 yaks, 2 basilisks, 5 crocodiles, 4 porcupines, 2 river rats and
a quokka.

Vanquished Creatures
  A spriggan (D:7)
  3 yaks (D:5)
  An orc warrior (D:7)
  A sky beast (D:5)
  An ice beast (D:5)
  2 ogres (D:5)
  3 crocodiles (D:8)
  3 giant frogs
  A scorpion (D:7)
  5 wights (D:6)
  5 crimson imps
  A giant frog zombie (D:5)
  2 orc priests
  A centaur zombie (D:5)
  5 jellies
  A centaur skeleton (D:4)
  A gnoll shaman (D:6)
  2 iguanas
  Ijyb (D:2)
  6 orc wizards
  5 worker ants
  2 hound zombies (D:5)
  2 hound skeletons
  8 adders
  3 gnolls (D:6)
  2 shadow imps
  2 oozes
  2 adder zombies (D:7)
  An adder skeleton (D:6)
  2 worms
  4 dart slugs
  4 giant geckos
  22 orcs
  14 bats
  6 giant cockroaches
  5 goblins
  11 hobgoblins
  6 jackals
  2 quokkas
  4 giant newts
  7 kobolds
  7 rats
167 creatures vanquished.

Vanquished Creatures (others)
  A bush (D:8)
  A plant (D:8)
2 creatures vanquished.

Grand Total: 169 creatures vanquished

Notes
Turn   | Place    | Note
--------------------------------------------------------------
     0 | D:1      | stigmas the Demonspawn Necromancer began the quest for the Orb.
     0 | D:1      | Reached XP level 1. HP: 13/13 MP: 3/3
   361 | D:1      | Gained mutation: You have large cloven feet. [demonic ancestry]
   361 | D:1      | Reached XP level 2. HP: 9/19 MP: 0/5
  1377 | D:2      | Gained mutation: Your flesh is cold resistant. [demonic ancestry]
  1377 | D:2      | Reached XP level 3. HP: 24/25 MP: 4/7
  1460 | D:2      | Found a sacrificial altar of Ru.
  1726 | D:2      | Learned a level 3 spell: Regeneration
  1786 | D:2      | Reached skill level 5 in Necromancy
  2025 | D:2      | Noticed Ijyb
  2038 | D:2      | Killed Ijyb
  2038 | D:2      | Reached skill level 1 in Fighting
  2038 | D:2      | Gained mutation: You are partially covered in sharp spines. [demonic ancestry]
  2038 | D:2      | Reached XP level 4. HP: 14/32 MP: 8/8
  2836 | D:3      | Gained mutation: You are mostly covered in sharp spines. [demonic ancestry]
  2836 | D:3      | Reached XP level 5. HP: 24/38 MP: 8/10
  3481 | D:3      | Reached skill level 1 in Axes
  3754 | D:4      | Gained mutation: You are partially covered in yellow scales (AC +2). [demonic ancestry]
  3754 | D:4      | Reached XP level 6. HP: 29/44 MP: 11/11
  4187 | D:5      | Entered Level 5 of the Dungeon
  4229 | D:5      | Noticed an ice beast
  4238 | D:5      | Killed an ice beast
  4273 | D:5      | Gained mutation: You are immune to freezing clouds. [demonic ancestry]
  4273 | D:5      | Reached XP level 7. HP: 27/52 MP: 9/12
  4286 | D:5      | Reached skill level 6 in Necromancy
  5222 | D:5      | Noticed a yak
  5222 | D:5      | Noticed a yak
  5222 | D:5      | Noticed a yak
  5230 | D:5      | Killed a yak
  5230 | D:5      | Gained mutation: You have hoof-like feet. [demonic ancestry]
  5230 | D:5      | Reached XP level 8. HP: 37/60 MP: 14/14
  5249 | D:5      | Learned a level 3 spell: Vampiric Draining
  5475 | D:5      | Found a white marble altar of Elyvilon.
  5628 | D:5      | Reached skill level 5 in Dodging
  5951 | D:6      | Reached skill level 5 in Fighting
  6303 | D:6      | Found a staircase to the Ecumenical Temple.
  6308 | Temple   | Entered the Ecumenical Temple
  6328 | Temple   | Became a worshipper of Makhleb the Destroyer
  6490 | D:6      | Found an ancient bone altar of Kikubaaqudgha.
  6618 | D:6      | Reached skill level 7 in Necromancy
  6651 | D:6      | Reached XP level 9. HP: 64/68 MP: 16/16
  6665 | D:6      | Reached * piety under Makhleb
  6836 | D:7      | Found a shimmering altar of Xom.
  6837 | D:7      | Found an opulent altar of Gozag.
  7015 | D:7      | Reached skill level 5 in Spellcasting
  7375 | D:7      | Found a stormy altar of Qazlal.
  7876 | D:8      | HP: 1/69 [yak (10)]
  7878 | D:8      | Slain by a yak

Skill      XL: |  1  2  3  4  5  6  7  8  9 |
---------------+----------------------------+-----
Necromancy     | 5 6 7 |  7.4
Spellcasting   | 3 4 5 |  5.1
Dodging        | 2 3 4 5 6 |  6.3
Fighting       | 1 2 3 5 6 |  6.1
Axes           | 1 3 4 |  4.9
Stealth        | |  1.7

Action                   |  1- 3 |  4- 6 |  7- 9 || total
-------------------------+-------+-------+-------++-------
Melee: Mace              |    14 |       |       ||    14
       Kick              |     6 |    18 |    61 ||    85
       Dagger            |    39 |    16 |       ||    55
       Hand axe          |       |    62 |   216 ||   278
 Cast: Pain              |    37 |     2 |       ||    39
       Regeneration      |       |       |     2 ||     2
       Vampiric Draining |       |       |     7 ||     7
  Use: Potion            |     2 |       |       ||     2
       Scroll            |       |    14 |     1 ||    15
 Stab: Sleeping          |       |     1 |     5 ||     6
  Eat: Chunk             |     4 |     7 |     7 ||    18
       Bread ration      |       |       |     1 ||     1
Armor: Robe              |    36 |    23 |    39 ||    98
Dodge: Dodged            |    62 |    34 |   113 ||   209
